 Dungeon Crawl Stone Soup version 0.30-a0-824-g6c64550be9 (webtiles) character file.

Game seed: 16584010858704025077

101 sircluck the Covert (level 4, -1/41 HPs)
             Began as a Gnoll Delver on Feb 27, 2023.
             Slain by a gnoll bouda
             ... wielding a +0 club
              (5 damage)
             ... on level 4 of the Dungeon.
             The game lasted 00:04:04 (996 turns).

sircluck the Covert (Gnoll Delver)                   Turns: 996, Time: 00:04:05

Health: -1/41      AC:  3    Str: 13    XL:     4   Next: 75%
Magic:  5/5        EV: 13    Int:  9    God:
Gold:   37         SH:  0    Dex: 14    Spells: 5/5 levels left

rFire   . . .      SeeInvis .    a - +0 spear
rCold   . . .      Faith    .    (no shield)
rNeg    . . .      Spirit   .    b - +0 leather armour
rPois   .          Reflect  .    (no helmet)
rElec   .          Harm     .    (no cloak)
rCorr   .          Rampage  .    (no gloves)
Will    .....                    (no boots)
Stlth   ++++                     h - amulet of the acrobat
HPRegen 0.26/turn                (no ring)
MPRegen 0.09/turn                (no ring)

@: no status effects
A: fangs 1, strong nose, distributed training
a: no special abilities


You were on level 4 of the Dungeon.
You visited 1 branch of the dungeon, and saw 3 of its levels.

You collected 37 gold pieces.

Inventory:

Hand Weapons
 a - a +0 spear (weapon)
Armour
 b - a +0 leather armour (worn)
 j - a +0 pair of gloves
Jewellery
 h - an amulet of the acrobat (around neck)
 k - an amulet of guardian spirit
Wands
 g - a wand of digging (3)
Scrolls
 c - 2 scrolls of fog
 d - a scroll of magic mapping
 l - 2 scrolls of identify {unknown}


   Skills:
 + Level 6.6 Fighting
 + Level 1.2 Short Blades
 + Level 1.2 Long Blades
 + Level 1.2 Axes
 + Level 1.2 Maces & Flails
 + Level 4.7 Polearms
 + Level 1.2 Staves
 + Level 1.2 Ranged Weapons
 + Level 1.2 Throwing
 + Level 1.2 Armour
 + Level 4.7 Dodging
 + Level 9.6 Stealth
 + Level 1.2 Shields
 + Level 1.2 Unarmed Combat
 + Level 1.2 Spellcasting
 + Level 1.0 Conjurations
 + Level 1.0 Hexes
 + Level 1.0 Summonings
 + Level 1.0 Necromancy
 + Level 1.0 Translocations
 + Level 1.0 Transmutations
 + Level 1.0 Fire Magic
 + Level 1.0 Ice Magic
 + Level 1.0 Air Magic
 + Level 1.0 Earth Magic
 + Level 1.0 Poison Magic
 + Level 1.4 Invocations
 + Level 1.2 Evocations


You had 5 spell levels left.
You didn't know any spells.
Your spell library was empty.

Dungeon Overview and Level Annotations

Branches:
Dungeon (6/15)             Temple (0/1) D:5

Altars:
Vehumet

Annotations:
D:5 Pikel


Innate Abilities, Weirdness & Mutations

You have very sharp teeth.
Your uncanny sense of smell can sniff out nearby items.
Your experience applies equally to all skills.


Message History

The gnoll bouda attacks as you move away!
The gnoll bouda completely misses you. The gnoll completely misses you.
The gnoll bouda attacks as you move away!
The gnoll bouda completely misses you. The gnoll completely misses you.
You hit the gnoll bouda but do no damage.
The gnoll bouda is lightly wounded.
You hit the gnoll bouda but do no damage.
The gnoll bouda is lightly wounded.
The gnoll closely misses you. The gnoll hits you but does no damage.
The gnoll misses you. The gnoll bouda barely misses you.
The gnoll hits you with a +0 spear.
You barely miss the gnoll. The gnoll barely misses you.
The gnoll bouda closely misses you.
You hit the gnoll.
The gnoll is lightly wounded.
The gnoll misses you. The gnoll hits you with a +0 spear.
The gnoll bouda closely misses you.
You barely miss the gnoll.
The gnoll is lightly wounded.
The gnoll barely misses you. The gnoll hits you but does no damage.
The gnoll bouda misses you.
You hit the gnoll but do no damage. You bite the gnoll.
The gnoll is moderately wounded.
The gnoll barely misses you.
You closely miss the gnoll.
The gnoll is moderately wounded.
The gnoll misses you.
The gnoll bouda hits you with a +0 club!
* * * LOW HITPOINT WARNING * * *
The gnoll completely misses you.
You closely miss the gnoll.
The gnoll is moderately wounded.
The gnoll hits you with a +0 spear.
* * * LOW HITPOINT WARNING * * *
The gnoll bouda misses you. The gnoll hits you but does no damage.
You hit the gnoll. You bite the gnoll, but do no damage.
The gnoll is heavily wounded.
The gnoll closely misses you.
The gnoll bouda hits you with a +0 club.
You die...

#......#'###......#####
#......#...###'##.....#
#......#........#.....#
#......#........#.....#
#.....)'........#.....#
+......#.[.##+###.>...#####
#......#...# ..............
#......#.gg# ..............
#......#..@#...............
#......#.g.#...............
#......###+#...............
#...... .#############
#....... #....... ∆
#....... #....... +.......


You could see a gnoll bouda and 2 gnolls.

Vanquished Creatures
  A scorpion (D:5)
  A gnoll (D:4)
  2 adders (D:5)
  5 orcs (D:5)
  A hobgoblin (D:4)
10 creatures vanquished.

Notes
Turn   | Place    | Note
-------+----------+-------------------------------------------
     0 | D:5      | Reached skill level 9 in Stealth
     0 | D:5      | sircluck the Gnoll Delver began the quest for the Orb.
     0 | D:5      | Reached XP level 1. HP: 23/23 MP: 1/1
     1 | D:5      | Found a staircase to the Ecumenical Temple.
    38 | D:5      | Reached XP level 2. HP: 28/29 MP: 2/2
   117 | D:5      | Noticed a scorpion
   124 | D:5      | Noticed a lemure
   124 | D:5      | Noticed a lemure
   146 | D:5      | Found a radiant altar of Vehumet.
   347 | D:5      | Reached XP level 3. HP: 21/35 MP: 3/3
   447 | D:5      | Killed a scorpion
   448 | D:5      | Reached skill level 1 in Short Blades
   448 | D:5      | Reached skill level 1 in Long Blades
   448 | D:5      | Reached skill level 1 in Axes
   448 | D:5      | Reached skill level 1 in Maces & Flails
   448 | D:5      | Reached skill level 1 in Staves
   448 | D:5      | Reached skill level 1 in Ranged Weapons
   448 | D:5      | Reached skill level 1 in Throwing
   448 | D:5      | Reached skill level 1 in Armour
   448 | D:5      | Reached skill level 1 in Shields
   448 | D:5      | Reached skill level 1 in Unarmed Combat
   448 | D:5      | Reached skill level 1 in Spellcasting
   448 | D:5      | Reached skill level 1 in Conjurations
   448 | D:5      | Reached skill level 1 in Hexes
   448 | D:5      | Reached skill level 1 in Summonings
   448 | D:5      | Reached skill level 1 in Necromancy
   448 | D:5      | Reached skill level 1 in Translocations
   448 | D:5      | Reached skill level 1 in Transmutations
   448 | D:5      | Reached skill level 1 in Fire Magic
   448 | D:5      | Reached skill level 1 in Ice Magic
   448 | D:5      | Reached skill level 1 in Air Magic
   448 | D:5      | Reached skill level 1 in Earth Magic
   448 | D:5      | Reached skill level 1 in Poison Magic
   448 | D:5      | Reached skill level 1 in Invocations
   448 | D:5      | Reached skill level 1 in Evocations
   448 | D:5      | Reached XP level 4. HP: 5/41 MP: 5/5
   604 | D:5      | Noticed a lemure
   604 | D:5      | Noticed Pikel
   604 | D:5      | Noticed a lemure
   996 | D:4      | Slain by a gnoll bouda

Illustrated notes

Levels and vault maps discovered:
D:4:      layout_gridville, nicolae_ossuary_entry_false_entrances
D:5:      layout_cave_pools, mainiacjoe_overflow_brackets,
          minmay_temple_entry_wispy, uniq_pikel
D:6:      layout_loops_ring, minmay_misc_feat_cross

Skill      XL: |  1  2  3 |
---------------+----------+-----
Stealth        | |  9.6
Short Blades   | 1 |  1.2
Long Blades    | 1 |  1.2
Axes           | 1 |  1.2
Maces & Flails | 1 |  1.2
Staves         | 1 |  1.2
Ranged Weapons | 1 |  1.2
Throwing       | 1 |  1.2
Armour         | 1 |  1.2
Shields        | 1 |  1.2
Unarmed Combat | 1 |  1.2
Spellcasting   | 1 |  1.2
Conjurations   | 1 |  1.0
Hexes          | 1 |  1.0
Summonings     | 1 |  1.0
Necromancy     | 1 |  1.0
Translocations | 1 |  1.0
Transmutations | 1 |  1.0
Fire Magic     | 1 |  1.0
Ice Magic      | 1 |  1.0
Air Magic      | 1 |  1.0
Earth Magic    | 1 |  1.0
Poison Magic   | 1 |  1.0
Invocations    | 1 |  1.4
Evocations     | 1 |  1.2
Fighting       | |  6.6
Polearms       | |  4.7
Dodging        | |  4.7

Action                     |  1- 3 |  4- 6 || total
---------------------------+-------+-------++-------
  Melee: Spear             |    59 |    42 ||   101
         Bite              |     1 |     6 ||     7
         Punch             |       |     1 ||     1
  Throw: Stone             |     7 |       ||     7
    Use: Scroll            |     1 |     1 ||     2
         Potion            |     1 |     1 ||     2
   Stab: Sleeping          |     1 |     1 ||     2
 Armour: Leather armour    |     4 |     9 ||    13
  Dodge: Dodged            |    28 |    39 ||    67

Table legend: (Time is in decaauts)
 A = Elapsed time spent in this place.
 B = Non-inter-level travel time spent in this place.
 C = Inter-level travel time spent in this place.
 D = Time resting spent in this place.
 E = Time spent auto-exploring this place.
 F = Levels seen in this place.
 G = Mean time per level.
                   A        B        C        D        E       F      G
               +--------+--------+--------+--------+--------+-----+--------+
         Total |    984 |    984 |      0 |    360 |    293 |   3 |  328.0 |
       Dungeon |    984 |    984 |      0 |    360 |    293 |   3 |  328.0 |
               +--------+--------+--------+--------+--------+-----+--------+

Top non-repeatable levels by time:
     D:5: 705 daAuts
     D:4: 181 daAuts
     D:6: 97 daAuts
